 Dungeon Crawl Stone Soup version 0.27.1-4-g1640c2035a (webtiles) character file.

Game seed: 1783925938000878974

113 tizbic2 the Firebug (level 4, -7/35 HPs)
             Began as a Draconian Fire Elementalist on Nov 14, 2021.
             Mangled by a gnoll (11 damage)
             ... on level 2 of the Dungeon.
             The game lasted 00:17:22 (2679 turns).

tizbic2 the Firebug (Draconian Fire Elementalist)   Turns: 2679, Time: 00:17:22

Health: -7/35      AC:  5    Str: 10    XL:     4   Next: 65%
Magic:  2/7        EV: 12    Int: 17    God:
Gold:   60         SH:  0    Dex: 11    Spells: 4/7 levels left

rFire    . . .     SeeInvis .   c - +2 dagger (pain)
rCold    . . .     Faith    .   (no shield)
rNeg     . . .     Spirit   .   (armour unavailable)
rPois    .         Reflect  .   (helmet restricted)
rElec    .         Harm     .   (no cloak)
rCorr    .         Rampage  .   (no gloves)
Will     .....                  (no boots)
Stlth    ++........             (no amulet)
HPRegen  0.11/turn              (no ring)
MPRegen  0.10/turn              (no ring)

@: slowed, very slow
A: AC +5, unfitting armour, cold-blooded
a: no special abilities


You were on level 2 of the Dungeon.
You visited 1 branch of the dungeon, and saw 3 of its levels.

You collected 60 gold pieces.

Inventory:

Hand Weapons
 c - a +2 dagger of pain (weapon)
Armour
 i - a +0 kite shield
Scrolls
 a - a scroll of torment {unknown}
 b - a scroll of enchant weapon {unknown}
 e - a scroll of blinking {unknown}
 g - 2 scrolls of teleportation {unknown}
 h - a scroll of identify {unknown}
Potions
 d - a potion of attraction {unknown}
 f - a potion of haste


   Skills:
 + Level 1.0 Fighting
 - Level 2.1 Short Blades
 + Level 2.2 Dodging
 - Level 2.1 Stealth
 * Level 0.2 Shields
 + Level 2.2 Spellcasting
 + Level 1.6 Conjurations
 + Level 3.6 Fire Magic


You had 4 spell levels left.
You knew the following spells:

 Your Spells              Type           Power      Damage    Failure   Level
a - Foxfire               Conj/Fire      44%        2x1d6     6%          1
b - Searing Ray           Conj           14%        3d3       14%         2

Your spell library contained the following spells:

 Spells                   Type           Power      Damage    Failure   Level
 Magic Dart               Conj           28%        1d4       10%         1
 Shock                    Conj/Air       16%        1d4       14%         1
 Conjure Flame            Conj/Fire      11%        6-21      19%         3
 Inner Flame              Hex/Fire       8%         N/A       26%         3
 Swiftness                Air            1%         N/A       50%         3
 Sticky Flame             Conj/Fire      11%        2d3       54%         4
 Fulminant Prism          Conj/Hex       2%         3d6       80%         4
 Airstrike                Air            0%         N/A       88%         4
 Fireball                 Conj/Fire      5%         3d5       87%         5


Dungeon Overview and Level Annotations

Branches:
Dungeon (3/15)

Altars:
Uskayaw

Shops:
D:2 :(

Annotations:
D:2 1 runed translucent door, Crazy Yiuf, Natasha


Innate Abilities, Weirdness & Mutations

Your plain brown scales are hard. (AC +5)
You cannot fit into any form of body armour.
You are cold-blooded and may be slowed by cold attacks.


Message History

Press: ? - help, v - describe, . - travel
Here: a gnoll, wielding a +0 flail The floor.
Natasha, Servant of Life and Death comes into view.
Natasha hisses angrily.
Natasha casts a spell at you.
You feel yourself slow down.
You hit Natasha.
Natasha is moderately wounded.
Natasha claws you.
Natasha stares at you and mumbles some strange words.
The magic dart hits you.
Casting: Foxfire (safe; 6% risk of failure)
Confirm with . or Enter, or press ? or * to list all spells.
Aiming: Searing Ray (safe; 16% risk of failure)
Press: ? - help, Shift-Dir - straight line, f - gnoll
Aim: a gnoll, wielding a +0 flail (77% to hit)
The searing ray hits Natasha.
Natasha is heavily wounded.
The searing ray hits the gnoll!
The gnoll is heavily wounded. (Press . to maintain the ray.) Natasha claws you.
The searing ray misses Natasha.
The searing ray hits the gnoll.
The gnoll is almost dead.
Natasha closely misses you. Natasha misses you.
The searing ray hits Natasha.
Natasha is almost dead.
The searing ray hits the gnoll!
You kill the gnoll!
Natasha closely misses you.
The searing ray misses Natasha.
The searing ray hits the gnoll.
The gnoll is moderately wounded.
You finish channeling your searing ray.
The gnoll hits you from afar with a +0 halberd!
Natasha casts a spell at you. The magic dart hits you!
* * * LOW HITPOINT WARNING * * *
The gnoll hits you from afar with a +0 halberd!
You die...

#....##...........#.#
#...†................
#....##...#..........
#....##.###.####.....
#....##.##....##.....
#....'..##..#....##..
#....#####.....####.#
#####.########..........
#....gh@......###.####..
#.###g#######.#...#.....
#.# #.#### #.#.#.....##
#.###....# ##.......#.##
#.#....#.# #........#.##
#......#.# #...._...#.#
###...g..# #..........#
#####g...#.#.....####
#.#...........#


You could see Natasha and 2 gnolls.

Vanquished Creatures
  Natasha (D:2)
  A gnoll (D:2)
  2 adders
  4 worms
  2 dart slugs
  8 bats
  6 endoplasms
  3 giant cockroaches
  3 goblins
  3 hobgoblins
  2 quokkas (D:1)
  3 ball pythons
  5 frilled lizards
  4 kobolds
  A rat (D:2)
48 creatures vanquished.

Vanquished Creatures (others)
  32 foxfires
32 creatures vanquished.

Grand Total: 80 creatures vanquished

Notes
Turn   | Place    | Note
-------+----------+-------------------------------------------
     0 | D:1      | tizbic2 the Draconian Fire Elementalist began the quest for
                  | the Orb.
     0 | D:1      | Reached XP level 1. HP: 14/14 MP: 3/3
   475 | D:1      | Reached XP level 2. HP: 20/22 MP: 5/5
   494 | D:1      | Learned a level 2 spell: Searing Ray
   946 | D:2      | Noticed Natasha
   961 | D:2      | Found Piacla's Book Emporium.
  1021 | D:3      | HP: 1/22 [poisoned by an adder]
  1029 | D:3      | Reached XP level 3. HP: 12/27 MP: 1/6
  1365 | D:3      | Reached skill level 1 in Short Blades
  1725 | D:2      | Found Semo Cafeomp's Antique Weapon Boutique.
  1784 | D:2      | HP: 1/27 [dart slug/slug dart (3)]
  2197 | D:2      | Killed Natasha
  2198 | D:2      | Reached XP level 4. HP: 30/34 MP: 2/7
  2312 | D:2      | Reached skill level 1 in Fighting
  2502 | D:2      | Found a hide-covered altar of Uskayaw.
  2571 | D:2      | Found a runed translucent door.
  2572 | D:2      | Noticed Crazy Yiuf
  2662 | D:2      | Noticed Natasha
  2679 | D:2      | Mangled by a gnoll

Illustrated notes

Levels and vault maps discovered:
D:1:      dpeg_arrival_concentric_ovals, layout_basic
D:2:      layout_basic, serial_shops, nicolae_square_shop, shop, basic_altar,
          uniq_crazy_yiuf_cottage, uniq_natasha
D:3:      layout_rooms, slow_altar_2, gammafunk_temple_overflow_statue

Skill      XL: |  1  2  3  4 |
---------------+-------------+-----
Dodging        | 2 |  2.2
Stealth        | 2 |  2.1
Short Blades   | 1 2 |  2.1
Fighting       | 1 |  1.0
Shields        | |  0.2
Spellcasting   | |  2.2
Conjurations   | |  1.6
Fire Magic     | |  3.6

Action                   |  1- 3 |  4- 6 || total
-------------------------+-------+-------++-------
Melee: Dagger            |    94 |    21 ||   115
       Mace              |     6 |       ||     6
       Tailslap          |    11 |     2 ||    13
 Cast: Foxfire           |    13 |     6 ||    19
       Searing Ray       |    11 |     1 ||    12
  Use: Potion            |     3 |       ||     3
 Stab: Sleeping          |       |     2 ||     2
Armor: Skin              |    40 |     1 ||    41
Dodge: Dodged            |    86 |    13 ||    99
